 Dungeon Sprint DCSS version 0.29-a0-1016-g236c7fd91e (webtiles) character file.

Game seed: 15123274346210198957

274 Hubris850 the Grappler (level 7, -13/68 HPs)
             Began as a Troll Berserker on Aug 9, 2022.
             Was a High Priest of Trog.
             Mangled by a black mamba (16 damage)
             ... in the Dungeon (Sprint VI: "Thunderdome").
             The game lasted 00:05:47 (739 turns).

Hubris850 the Grappler (Troll Berserker)             Turns: 739, Time: 00:05:47

Health: -13/68     AC:  5    Str: 36    XL:     7   Next: 9%
Magic:  6/6        EV:  7    Int:  3    God:    Trog [*****.]
Gold:   216        SH:  0    Dex:  9    Spells: 6/6 levels left

rFire   x . .      SeeInvis .     - Unarmed
rCold   . . .      Faith    .   (no shield)
rNeg    . . .      Spirit   .   m - +1 robe of Vexation {*Corrode rElec rF- Str+8}
rPois   .          Reflect  .   (helmet restricted)
rElec   +          Harm     .   (no cloak)
rCorr   .          Rampage  .   (gloves unavailable)
Will    .....      NoTele   +   (boots unavailable)
Stlth   +.........              (no amulet)
HPRegen 1.01/turn               (no ring)
MPRegen 0.10/turn               (no ring)

@: constricted
A: large, unfitting armour, claws 3, regeneration 1, shaggy fur 1, tough skin 1
a: Renounce Religion, Berserk, Trog's Hand, Brothers in Arms


You were in the Dungeon.
You worshipped Trog.
Trog was extremely pleased with you.
You visited 1 branch You collected 600 gold pieces.
You spent 384 gold pieces at shops.

Inventory:

Armour
 a - a +0 animal skin
 l - the +0 animal skin of the Sandy God {rElec rC+ rCorr Slay-5}
   (You bought it in a shop in the Dungeon)

   Slay:      It affects your accuracy & damage with ranged weapons and melee
   (-5).
   rC:        It protects you from cold.
   rElec:     It insulates you from electricity.
   rCorr:     It protects you from acid and corrosion.
 m - the +1 robe of Vexation (worn) {*Corrode rElec rF- Str+8}
   (You bought it in a shop in the Dungeon)

   Str:       It affects your strength (+8).
   rF:        It makes you vulnerable to fire.
   rElec:     It insulates you from electricity.
   *Corrode:  It may corrode you when you take damage.
Wands
 h - a wand of iceblast (5)
 i - a wand of quicksilver (5)
Scrolls
 g - 4 scrolls of blinking
 j - 3 scrolls of fog
Potions
 c - 3 potions of heal wounds
 d - 4 potions of haste
 e - 2 potions of magic
 f - a potion of berserk rage
 k - a potion of resistance


   Skills:
 - Level 3.9 Fighting
 - Level 3.8 Dodging
 + Level 14.5 Unarmed Combat


You had 6 spell levels left.
You didn't know any spells.
Your spell library was empty.

Dungeon Overview and Level Annotations

Branches:
Dungeon (1/1)

Altars:
Cheibriados
Dithmenos
Fedhas
Gozag
Kikubaaqudgha
Makhleb
Okawaru
Qazlal
Ru
Sif Muna
Trog
Uskayaw
Vehumet
Wu Jian
Xom
Yredelemnul
Zin
The Shining One
Lugonu

Shops:
D *[??*?*:[((!!!!


Innate Abilities, Weirdness & Mutations

You are too large for most types of armour.
You have claws for hands.
Your natural rate of healing is unusually fast.
You are covered in fur. (AC +1)
You have tough skin. (AC +1)


Message History

You feel yourself speed up.
Things that are here:
a +0 whip; a +0 robe; a gnoll corpse
Things that are here:
a +0 club; an orc skeleton You start waiting.
You recover from your berserk rage.
You start waiting.
Get ready!
ROUND 5!
BOSS ROUND!
A naga warlord comes into view. It is wielding a +0 trident.
The naga warlord hits you with a +0 trident!!
The naga warlord grabs you. The naga warlord constricts you.
You barely miss the naga warlord.
A black mamba comes into view.
The black mamba hisses angrily.
You mangle the naga warlord!!
The naga warlord is moderately wounded.
The naga warlord spits poison at you. The splash of poison misses you.
The naga warlord constricts you.
You closely miss the naga warlord.
The naga warlord is moderately wounded.
The naga warlord hits you with a +0 trident.
The naga warlord constricts you.
You barely miss the naga warlord.
The naga warlord is moderately wounded.
You mangle the naga warlord!!
The naga warlord is heavily wounded.
The naga warlord hits you with a +0 trident!
* * * LOW HITPOINT WARNING * * *
The naga warlord constricts you.
* * * LOW HITPOINT WARNING * * *
You scratch the naga warlord.
The naga warlord is heavily wounded.
The naga warlord barely misses you. The naga warlord constricts you.
* * * LOW HITPOINT WARNING * * *
You barely miss the naga warlord.
The naga warlord is heavily wounded.
The black mamba bites you!
You die...

##.....## ##∩[....∩##
#∩.......∩# #_......._#
#_......._# #_......._#
###.........###
#N....[......⌠#
######@8...[..)..8.####
##.___S...[.###.......__
###∩........8.# #.8)......
##.............###........[
#⌠..........###...###......
#⌠..........# #.<.# #......
#⌠....))....###...###......
##.............###.........
###∩........8.# #.8.......


You could see a naga warlord and a black mamba.

Vanquished Creatures
  3 floating eyes (D)
  A gnoll sergeant (D)
  A hound (D)
  2 gnoll boudas (D)
  An orc priest (D)
  An orc wizard (D)
  Terence (D)
  2 gnolls (D)
  An adder (D)
  3 orcs (D)
  3 endoplasms (D)
  A hobgoblin (D)
  A bat (D)
  2 rats (D)
23 creatures vanquished.

Notes
Turn   | Place    | Note
-------+----------+-------------------------------------------
     0 | D        | Hubris850 the Troll Berserker began the quest for the Orb.
     0 | D        | Reached XP level 1. HP: 22/22 MP: 0/0
     1 | D        | Found a blossoming altar of Fedhas.
     1 | D        | Found a shimmering altar of Xom.
     2 | D        | Found a burning altar of Makhleb.
     3 | D        | Found an ornate altar of the Wu Jian Council.
     3 | D        | Found a shimmering blue altar of Sif Muna.
     4 | D        | Found Oczeso's Identification Station.
     4 | D        | Found an ancient bone altar of Kikubaaqudgha.
     4 | D        | Found a basalt altar of Yredelemnul.
     5 | D        | Found Impor's Advanced Armour.
     5 | D        | Found Yniejeig's Jewellery.
     5 | D        | Found a hide-covered altar of Uskayaw.
     5 | D        | Round 1.
    17 | D        | Bought a fading animal skin for 185 gold pieces
    17 | D        | Identified the +0 animal skin of the Sandy God {rElec rC+
                  | rCorr Slay-5} (You bought it in a shop in the Dungeon)
    24 | D        | Found Upeziac's Premium Goods.
    25 | D        | Found Jinuen's Miscellaneous Merchandise.
    25 | D        | Found Hoer's Basic Armour.
    26 | D        | Found a stormy altar of Qazlal.
    26 | D        | Found a corrupted altar of Lugonu.
    26 | D        | Found Unaer's Weapon Rack.
    30 | D        | Found an iron altar of Okawaru.
    31 | D        | Found an opulent altar of Gozag.
    33 | D        | Found Haemp's Do-It-Yourself Clinic.
    33 | D        | Found a radiant altar of Vehumet.
    33 | D        | Found Tonwulet's Distillery.
    34 | D        | Found Jietoqe's Bottled Wisdom.
    34 | D        | Found Musch's Distillery.
    37 | D        | Found a glowing silver altar of Zin.
    38 | D        | Found a sacrificial altar of Ru.
    39 | D        | Found a bloodstained altar of Trog.
    40 | D        | Found Donu's Staff Store.
    41 | D        | Found Unwepi's Must-Have Magic.
    41 | D        | Found Qokhour's Magic Scroll Shop.
    42 | D        | Found a snail-covered altar of Cheibriados.
    42 | D        | Found a shadowy altar of Dithmenos.
    42 | D        | Found a glowing golden altar of the Shining One.
    42 | D        | Found Fyebb's Magic Scroll Shop.
    66 | D        | Reached ** piety under Trog
    67 | D        | Reached XP level 2. HP: 31/31 MP: 1/1
   107 | D        | Reached skill level 4 in Unarmed Combat
   128 | D        | Noticed Terence
   136 | D        | Killed Terence
   136 | D        | Arena points: 14 (+14) [x2]
   137 | D        | Reached XP level 3. HP: 39/39 MP: 2/2
   207 | D        | Round 2.
   229 | D        | Reached *** piety under Trog
   339 | D        | Reached skill level 6 in Unarmed Combat
   355 | D        | Reached **** piety under Trog
   355 | D        | Arena points: 50 (+36) [x3]
   356 | D        | Reached skill level 7 in Unarmed Combat
   356 | D        | Reached XP level 4. HP: 32/48 MP: 3/3
   408 | D        | Round 3.
   452 | D        | Noticed a floating eye
   457 | D        | Killed a floating eye
   458 | D        | Reached skill level 10 in Unarmed Combat
   458 | D        | Reached XP level 5. HP: 54/54 MP: 4/4
   517 | D        | Noticed a floating eye
   520 | D        | Paralysed by a floating eye for 3 turns
   525 | D        | Killed a floating eye
   526 | D        | Reached skill level 12 in Unarmed Combat
   526 | D        | Reached XP level 6. HP: 62/62 MP: 5/5
   555 | D        | Noticed a floating eye
   561 | D        | Paralysed by a floating eye for 3 turns
   565 | D        | Killed a floating eye
   565 | D        | Reached ***** piety under Trog
   566 | D        | Reached skill level 13 in Unarmed Combat
   567 | D        | Arena points: 134 (+84) [x4]
   580 | D        | Bought an ichor-stained robe for 199 gold pieces
   580 | D        | Identified the +1 robe of Vexation {*Corrode rElec rF-
                  | Str+8} (You bought it in a shop in the Dungeon)
   616 | D        | Round 4.
   646 | D        | Received a gift from Trog
   670 | D        | Reached skill level 14 in Unarmed Combat
   677 | D        | Reached XP level 7. HP: 9/68 MP: 6/6
   683 | D        | Arena points: 274 (+140) [x5]
   731 | D        | Round 5.
   732 | D        | Noticed a naga warlord
   733 | D        | Noticed a black mamba
   738 | D        | HP: 2/68 [constriction (5)]
   739 | D        | Mangled by a black mamba

Illustrated notes

Levels and vault maps discovered:
D:        arena_sprint

Skill      XL: |  1  2  3  4  5  6 |
---------------+-------------------+-----
Fighting       | 3 |  3.9
Dodging        | 3 |  3.8
Unarmed Combat | 4 7 10 12 14 | 14.5

Action                   |  1- 3 |  4- 6 |  7- 9 || total
-------------------------+-------+-------+-------++-------
Melee: Unarmed           |    31 |    25 |     8 ||    64
       Punch             |     2 |       |       ||     2
Invok: Berserk           |       |     1 |       ||     1
  Use: Potion            |       |     1 |     1 ||     2
Armor: Animal skin       |     2 |       |       ||     2
Dodge: Dodged            |    13 |     6 |     2 ||    21

Table legend: (Time is in decaauts)
 A = Elapsed time spent in this place.
 B = Non-inter-level travel time spent in this place.
 C = Inter-level travel time spent in this place.
 D = Time resting spent in this place.
 E = Time spent auto-exploring this place.
 F = Levels seen in this place.
 G = Mean time per level.
                   A        B        C        D        E       F      G
               +--------+--------+--------+--------+--------+-----+--------+
         Total |    738 |    738 |      0 |    257 |      0 |   1 |  738.0 |
       Dungeon |    738 |    738 |      0 |    257 |      0 |   1 |  738.0 |
               +--------+--------+--------+--------+--------+-----+--------+

Top non-repeatable levels by time:
       D: 738 daAuts
